daggerhack, chaotic female elven Rogue ------------------------------------------------- ---------- |.......|..`|.......|.........|.................| ......|...| |.......|...|.......|.........|.................|.......|...| |.......|^..|..<....|%........|..........`......|.......|...| -----.|.|.|.|.-----%-----.---.-------.-----.|.|.|--.---.|.|.| .).....|...|...|..%|.%...|...|.......|.|...|.|.|.|...|...|.|.| |..H....|...|...|...|.....|...|.......|.|...|.|.|.|...|...|.|.| |...@...|...|...|...|.....|..^|.......|.|...| |.|.|...|...|.|.| ---.------------|.|.-----.|--.|------.--|.|.---.|.|.--|.-----.| ..| |.|`..|...|.^.|....`|...|.|....^|..^| |.|....)| ..| |.|`..|...|...|.....|...|.|.....|...| |.|.....| |.|.%.|...|..`|.....|..^|.|.....|...|.|>|.....| --|.---.---.---.---.---.|.|----------.|.---.|.| |.........|.....|.....).|........`........|.| |.........|.....|.......|.................|.| |.........|.....|.......|.................|.| --------------------------------------------- daggerhack the Pilferer Experience level: 12 Strength: 18 Dexterity: 18 Constitution: 16 Intelligence: 11 Wisdom: 12 Charisma: 8 Health: 0(72) Energy: 87(87) Def: 20 Gold: 454 Moves: 24566 Dungeon seed: 8lP1DnpyAyEW-H3X Game ID: daggerhack_1442866528 Your Inventory: Coins $ - 454 gold pieces Amulets d - a blessed amulet of ESP (being worn) Weapons h - an uncursed +0 elven dagger I - an uncursed +1 elven dagger named +1 (weapon in hand) M - 2 uncursed +0 elven daggers (in quiver) Armor c - an uncursed +0 dwarvish mithril-coat (being worn) e - an uncursed burnt +0 pair of speed boots (being worn) K - a blessed +2 T-shirt (being worn) N - an uncursed +0 dwarvish iron helm (being worn) V - a blessed +2 oilskin cloak (being worn) Z - an uncursed +0 pair of leather gloves (being worn) Comestibles l - 2 uncursed lizard corpses Wands b - an uncursed wand of fire (0:3) v - an uncursed wand of digging (0:2) w - an uncursed wand of sleep (0:3) Tools a - an uncursed +0 unicorn horn g - an uncursed blindfold j - an uncursed magic lamp (lit) k - an uncursed skeleton key x - an uncursed oilskin sack y - an uncursed stethoscope A - an uncursed mirror B - a blessed greased bag of holding E - an uncursed mirror Gems n - an uncursed worthless piece of green glass Contents of the oilskin sack: an uncursed wand of teleportation (0:4) Contents of the bag of holding: 5756 gold pieces 4 blessed +2 daggers an uncursed +0 dagger 2 uncursed +0 silver daggers a cursed -1 dwarvish cloak 3 uncursed carrots 2 uncursed eucalyptus leaves 4 uncursed food rations 2 uncursed fortune cookies 2 uncursed lizard corpses 2 uncursed sprigs of wolfsbane an uncursed tripe ration an uncursed scroll of blank paper an uncursed scroll of create monster an uncursed scroll of gold detection an uncursed scroll of identify an uncursed scroll of punishment an uncursed scroll of remove curse an uncursed scroll of teleportation an uncursed potion of confusion an uncursed potion of extra healing an uncursed potion of invisibility a blessed potion of polymorph a cursed ring of invisibility an uncursed wand of digging (0:3) an uncursed wand of enlightenment (0:14) an uncursed wand of fire (0:0) an uncursed wand of lightning (0:6) an uncursed wand of sleep (0:4) an uncursed wand of slow monster (0:4) an uncursed bugle an uncursed can of grease (0:21) an uncursed credit card an uncursed lock pick an uncursed magic marker (0:63) an uncursed magic marker (0:49) an uncursed magic whistle an uncursed +0 pick-axe an uncursed skeleton key an uncursed tin whistle an uncursed tinning kit (0:69) an uncursed +0 unicorn horn an uncursed fluorite stone an uncursed luckstone an uncursed turquoise stone 8 uncursed worthless pieces of blue glass 4 uncursed worthless pieces of green glass 10 uncursed worthless pieces of orange glass 5 uncursed worthless pieces of violet glass 12 uncursed worthless pieces of white glass 3 uncursed worthless pieces of yellow glass 3 uncursed worthless pieces of yellowish brown glass Spells and supernatural/magical abilities: Name Level Category Fail Memory W - pray for help -- divine ? -- Your skills at the end: Fighting Skills Weapon Skills dagger [Expert] short sword [Basic] Spellcasting Skills Final Attributes: You were piously aligned. You were cold resistant. You were sleep resistant. You were poison resistant. You were telepathic. You had automatic searching. You had infravision. You were stealthy. You were protected. You were very fast. You were lucky. You are dead. Vanquished creatures: a titan a yellow dragon a minotaur a baluchitherium 2 Nazgul a guardian naga a vampire lord an ettin 2 vampires 4 ghosts a queen bee a winged gargoyle a mind flayer 3 giant mimics an ice troll a doppelganger a large mimic a couatl 3 stalkers an air elemental 2 fire elementals 3 hill giants a giant mummy a black naga 2 giant zombies 4 sergeants 6 wargs a winter wolf an island nymph a glass piercer 4 warhorses 2 xans 3 quantum mechanics 7 trolls a sasquatch an erinys 2 gelatinous cubes a pyrolisk a large dog 3 freezing spheres a shocking sphere a gargoyle a tengu an ochre jelly 2 leocrottas a mountain centaur 4 giants a red naga 2 cobras 3 wraiths 3 ettin zombies 3 soldiers 2 chameleons a crocodile 2 giant beetles a quivering blob 7 cockatrices 10 wolves 4 winter wolf cubs a lynx a panther a gremlin 16 leprechauns a mountain nymph an orc-captain 2 iron piercers 2 mumakil 4 giant spiders a horse a black light 4 vampire bats 8 gnome kings 3 owlbears 2 yetis a werewolf 4 lizards 6 chickatrices 2 dogs 6 dingos a housecat 4 jaguars 3 dwarf lords 3 blue jellies 2 white unicorns 2 gray unicorns 3 dust vortices a raven a plains centaur 2 gnome mummies a snake an ape 6 human zombies a soldier ant 2 fire ants 18 bugbears a wood nymph 4 Mordor orcs 10 Uruk-hai 2 rock piercers a rock mole 3 ponies 3 fog clouds 4 yellow lights 5 shriekers 4 violet fungi 27 gnome lords 12 gnomish wizards a kobold mummy a black naga hatchling 2 golden naga hatchlings a guardian naga hatchling 6 gray oozes 2 barrow wights 9 elf zombies 4 ghouls 3 straw golems a baby crocodile 4 giant ants a little dog 5 floating eyes 3 kittens 26 dwarves 3 kobold lords 3 kobold shamans 29 hill orcs 14 rothes 3 rabid rats 2 centipedes a giant bat 2 monkeys 11 orc zombies 6 dwarf zombies 6 iguanas 62 killer bees 6 acid blobs 5 coyotes a gas spore 13 hobbits 21 hobgoblins 2 giant rats 4 cave spiders 4 brown molds 3 yellow molds 3 green molds a red mold 68 gnomes 4 garter snakes 32 manes 4 gnome zombies 9 geckos 17 jackals 3 foxen 3 kobolds 3 goblins 2 sewer rats 13 grid bugs 5 bats 5 lichens 3 kobold zombies 9 newts 774 creatures vanquished. Voluntary challenges: You used a wielded weapon 905 times, starting on turn 5. You read items or engraved 21 times, starting on turn 1011. You never genocided any monsters. You never polymorphed an object. You never changed form. You completed Sokoban on turn 6090, according to the rules. You used no wishes. You never split a pudding. You wrote Elbereth's name 18 times, starting on turn 1011. You violated your moral code, losing 2 points of alignment, starting on turn 9618. Dungeon overview: The Dungeons of Doom: levels 1 to 28 Level 1 a long staircase Level 2 a general store, a fountain stairs to The Gnomish Mines Level 3 a fountain Level 4 Level 5 Level 6 many fountains Level 7 a fountain stairs to Sokoban Level 8 an altar to Issek, a fountain, a throne Level 9 Level 10 a sink Level 11 (pool) a throne Level 12 Level 13 portal to The Quest Level 14 a sink Level 15 (big room) Level 16 a throne Level 17 (stash) a fountain, a throne Level 18 Level 19 an altar to Kos, some sinks Level 20 a sink Level 21 Level 22 an altar to Mog Level 23 a throne Level 24 Level 25 (medusa (hostile titan)) Level 26 <- You were here Level 27 Level 28 The Gnomish Mines: levels 3 to 10 Level 3 stairs to The Dungeons of Doom Level 4 Level 5 (bought 6 pts) many shops, a temple to Issek, some fountains Level 6 Level 7 Level 8 Level 9 Level 10 The Quest: Level 1 portal to The Dungeons of Doom Sokoban: levels 3 to 6 Level 3 Level 4 Level 5 Level 6 stairs to The Dungeons of Doom History has recorded: On T:1 you entered the Dungeons of Doom to retrieve the Amulet of Yendor! On T:177 you advanced to experience level 2. On T:480 you reached level 2 of The Dungeons of Doom. On T:514 you reached level 1 of The Gnomish Mines. On T:541 you advanced to experience level 3. On T:570 you advanced to experience level 4. On T:790 you reached level 2 of The Gnomish Mines. On T:805 you reached level 3 of The Gnomish Mines. On T:877 you advanced to experience level 5. On T:1802 you advanced to experience level 6. On T:2181 you reached level 4 of The Gnomish Mines. On T:2959 you reached level 3 of The Dungeons of Doom. On T:3070 you reached level 4 of The Dungeons of Doom. On T:3372 you reached level 5 of The Dungeons of Doom. On T:3418 you reached level 6 of The Dungeons of Doom. On T:3585 you advanced to experience level 7. On T:3682 you reached level 7 of The Dungeons of Doom. On T:3845 you reached level 4 of Sokoban. On T:4362 you reached level 3 of Sokoban. On T:4680 you reached level 2 of Sokoban. On T:4939 you reached level 1 of Sokoban. On T:6090 you entered the Sokoban zoo. On T:6145 you advanced to experience level 8. On T:7648 you reached level 8 of The Dungeons of Doom. On T:8211 you reached level 9 of The Dungeons of Doom. On T:8449 you advanced to experience level 9. On T:8671 you reached level 10 of The Dungeons of Doom. On T:8770 you reached level 11 of The Dungeons of Doom. On T:9120 you reached level 12 of The Dungeons of Doom. On T:9320 you reached level 13 of The Dungeons of Doom. On T:9523 you reached level 14 of The Dungeons of Doom. On T:9595 you reached level 1 of The Quest. On T:10613 you advanced to experience level 10. On T:11123 you reached level 15 of The Dungeons of Doom. On T:11753 you reached level 16 of The Dungeons of Doom. On T:12308 you reached level 17 of The Dungeons of Doom. On T:12346 you reached level 18 of The Dungeons of Doom. On T:12453 you advanced to experience level 11. On T:12856 you reached level 19 of The Dungeons of Doom. On T:13021 you reached level 20 of The Dungeons of Doom. On T:13296 you reached level 21 of The Dungeons of Doom. On T:13635 you reached level 22 of The Dungeons of Doom. On T:13809 you reached level 23 of The Dungeons of Doom. On T:13902 you reached level 24 of The Dungeons of Doom. On T:14318 you reached level 25 of The Dungeons of Doom. On T:18302 you reached level 5 of The Gnomish Mines. On T:18572 you reached level 6 of The Gnomish Mines. On T:18942 you reached level 7 of The Gnomish Mines. On T:19239 you reached level 8 of The Gnomish Mines. On T:22363 you advanced to experience level 12. On T:23910 you reached level 26 of The Dungeons of Doom. On T:24155 you reached level 27 of The Dungeons of Doom. On T:24182 you reached level 28 of The Dungeons of Doom. Score breakdown: Gold: 6210 ( 621 points) Experience: 12 levels ( 1100 points) Exploration: 28 levels ( 810 points) Discoveries: 35 items ( 1750 points) Variety of kills: 160 monsters ( 2000 points) Major goal: finished Sokoban ( 1000 points) Survival: died (score multiplied by 3) Total score: 21843 Latest messages: You put 8 blue gems into the bag called holding. You put 4 green gems into the bag called holding. You put 12 white gems into the bag called holding. You put 3 yellowish brown gems into the bag called holding. You put a yellow gem into the bag called holding. You throw 3 elven daggers. The 1st elven dagger hits the minotaur. The 2nd elven dagger hits the minotaur! The 3rd elven dagger hits the minotaur. The minotaur hits! (2x) You die... Final status: Goodbye daggerhack the Rogue, killed by a minotaur... You died in The Dungeons of Doom on dungeon level 26 with 21843 points, and 6210 pieces of gold, after 24566 moves. You were level 12 with a maximum of 72 hit points when you died.